 Dungeon Crawl Stone Soup version 0.25-a0-578-gc91f01c (webtiles) character file.

Game seed: 18433148175143133072, levelgen mode: deterministic

77 Anathematize the Vexing (level 4, 0/32 HPs)
             Began as a Demonspawn Enchanter on Mar 6, 2020.
             Succumbed to Terence's poison
             ... on level 3 of the Dungeon.
             The game lasted 00:11:54 (3333 turns).

Anathematize the Vexing (Demonspawn Enchanter)      Turns: 3333, Time: 00:11:55

Health: 0/32       AC:  5    Str:  9    XL:     4   Next: 13%
Magic:  4/7        EV: 11    Int: 17    God:
Gold:   57         SH:  0    Dex: 13    Spells: 3/7 levels left

rFire    . . .     SeeInvis .   a - +1 dagger
rCold    . . .     Gourm    .   (no shield)
rNeg     . . .     Faith    .   p - +0 leather armour
rPois    .         Spirit   .   (no helmet)
rElec    .         Reflect  .   h - +0 cloak
rCorr    .         Harm     .   (no gloves)
MR       .....                  (no boots)
Stlth    ++........             (no amulet)
HPRegen  0.10/turn              (no ring)
MPRegen  0.10/turn              (no ring)

@: lethally poisoned (0 -> -5), stab
A: rugged brown scales 1, rot immunity
a: no special abilities


You were on level 3 of the Dungeon.
You were not hungry.

You visited 1 branch of the dungeon, and saw 3 of its levels.

You collected 57 gold pieces.

Inventory:

Hand Weapons
 a - a +1 dagger (weapon)
 c - a +0 hand axe
 n - a +0 falchion
Missiles
 e - 21 bolts
 g - 33 stones (quivered)
Armour
 h - a +0 cloak (worn)
 p - a +0 leather armour (worn)
Scrolls
 i - 3 scrolls of teleportation {unknown}
 k - a scroll of remove curse {unknown}
 m - a scroll of immolation {unknown}
 o - 2 scrolls of fear {unknown}
Comestibles
 d - a ration


   Skills:
 + Level 1.3 Fighting
 * Level 2.3 Short Blades
 + Level 0.8 Throwing
 - Level 1.7 Dodging
 - Level 3.0 Stealth
 - Level 2.0 Spellcasting
 + Level 3.4 Hexes


You had 3 spell levels left.
You knew the following spells:

 Your Spells              Type           Power        Failure   Level  Hunger
a - Corona                Hex            ##.....      7%          1    #......
c - Confusing Touch       Hex            ##......     21%         3    ###....

Your spell library contained the following spells:

 Spells                   Type           Power        Failure   Level  Hunger
 Ensorcelled Hibernation  Hex/Ice        #.....       21%         2    ###....
 Tukima's Dance           Hex            ##......     21%         3    ###....
 Dazzling Flash           Conj/Hex       #.....       38%         3    ###....


Dungeon Overview and Level Annotations

Branches:
Dungeon (3/15)

Altars:
The Shining One

Annotations:
D:1 exclusion: 2 downstairs
D:2 Sigmund
D:3 Terence


Innate Abilities, Weirdness & Mutations

You are partially covered in rugged brown scales. (AC +1, +3% HP)
You are immune to rotting.


Message History

You feel sick.
Terence seems less confused.
* * * LOW HITPOINT WARNING * * *
You feel sick.
* * * LOW HITPOINT WARNING * * *
You feel sick.
* * * LOW HITPOINT WARNING * * *
You feel sick.
* * * LOW HITPOINT WARNING * * *
You feel sick.
* * * LOW HITPOINT WARNING * * *
You feel sick.
Your magical contamination has completely faded away.
* * * LOW HITPOINT WARNING * * *
You feel sick.
* * * LOW HITPOINT WARNING * * *
You feel sick.
All of the chunks of flesh in your inventory have rotted away.
* * * LOW HITPOINT WARNING * * *
You feel sick.
You die...

#..#.#####.#.# ..
#[##.@....^#.# .
#)########.#.# .... #.#
#....#.# ...
#.#####.##.#.######.#
#>#...#.##@#.........
#.#...#.##.#.........
#.#...#..............
####.#.@.####.#.........
#.............#.........
##.#.#...######.........
#.#..........#....)....
#.###...#....).........
#.# #####..............
#.# #.............. #.#
#.......รท...... #.#
####.#.###.....


There were no monsters in sight!

Vanquished Creatures
  An adder (D:3)
  2 oozes (D:1)
  A dart slug (D:1)
  A leopard gecko (D:1)
  5 orcs
  2 giant cockroaches (D:1)
  5 hobgoblins (D:1)
  2 jackals (D:1)
  8 bats
  5 frilled lizards
  6 goblins
  6 kobolds (D:1)
  4 rats (D:1)
48 creatures vanquished.

Notes
Turn   | Place    | Note
-------+----------+-------------------------------------------
     0 | D:1      | Anathematize the Demonspawn Enchanter began the quest for
                  | the Orb.
     0 | D:1      | Reached XP level 1. HP: 13/13 MP: 3/3
    86 | D:1      | Reached skill level 1 in Short Blades
   401 | D:1      | Gained mutation: You are immune to rotting. [demonic
                  | ancestry]
   401 | D:1      | Reached XP level 2. HP: 20/20 MP: 5/5
  1176 | D:1      | Reached skill level 1 in Fighting
  1383 | D:1      | Gained mutation: You are partially covered in rugged brown
                  | scales. (AC +1, +3% HP) [demonic ancestry]
  1383 | D:1      | Reached XP level 3. HP: 21/26 MP: 6/6
  1388 | D:1      | Learned a level 3 spell: Confusing Touch
  2050 | D:2      | Noticed Sigmund
  2499 | D:3      | Found a glowing golden altar of the Shining One.
  2546 | D:3      | Noticed a +0 dagger
  2547 | D:3      | Noticed a +0 hand axe
  2901 | D:3      | Reached XP level 4. HP: 27/32 MP: 4/7
  3290 | D:3      | Noticed Terence
  3331 | D:3      | HP: 1/32 [poisoned by Terence]
  3333 | D:3      | Succumbed to Terence's poison

Levels and vault maps discovered:
D:1:      sevenhm_arrival_forest_fort_large_2, layout_loops_ring,
          minmay_heptomino_h4
D:2:      layout_loops_corners, nemelex_xobeh_ov_fountains_minmay,
          chequers_ecumenical_altar_grove, first_ration, uniq_sigmund
D:3:      layout_basic, nicolae_overflow_crystal_walls, dancing_weapons_uskayaw,
          uniq_terence

Skill      XL: |  1  2  3 |
---------------+----------+-----
Short Blades   | 1 2 |  2.3
Fighting       | 1 |  1.3
Stealth        | 3 |  3.0
Throwing       | |  0.8
Dodging        | |  1.7
Spellcasting   | |  2.0
Hexes          | |  3.4

Action                   |  1- 3 |  4- 6 || total
-------------------------+-------+-------++-------
Melee: Dagger            |   182 |    25 ||   207
Throw: Stone             |     5 |       ||     5
       Dart              |     9 |       ||     9
 Cast: Corona            |    11 |     2 ||    13
       Confusing Touch   |     5 |     4 ||     9
  Use: Potion            |       |     1 ||     1
 Stab: Sleeping          |     6 |       ||     6
       Invisible         |     3 |       ||     3
       Confused          |     1 |     4 ||     5
  Eat: Chunk             |     7 |     2 ||     9
Armor: Robe              |    37 |     3 ||    40
Dodge: Dodged            |   125 |    13 ||   138

Table legend:
 A = Non-vault XP
 B = Vault XP
 C = Vault XP percentage of total XP
 D = Non-vault monster count
 E = Vault monster count
 F = Vault count percentage of total count
                 A         B        C        D         E       F
            +---------+---------+-------+---------+---------+-------
      Total |     103 |       7 |   6.4 |      44 |       4 |   8.3
            +---------+---------+-------+---------+---------+-------
        D:1 |      69 |       7 |   9.2 |      35 |       4 |  10.3
        D:2 |       5 |       0 |   0.0 |       2 |       0 |   0.0
        D:3 |      29 |       0 |   0.0 |       7 |       0 |   0.0
            +---------+---------+-------+---------+---------+-------
